 Dungeon Crawl Stone Soup version 0.29-a0-8-g0446c0dae4 (webtiles) character file.

Game seed: 1898458535411247575

9469 karkarkar the Spear-Bearer (level 11, -2/97 HPs)
             Began as a Merfolk Gladiator on Jan 27, 2022.
             Was a Priest of Makhleb.
             Slain by a freezing wraith (11 damage)
             ... on level 9 of the Dungeon.
             The game lasted 00:38:01 (12025 turns).

karkarkar the Spear-Bearer (Merfolk Gladiator)     Turns: 12025, Time: 00:38:02

Health: -2/97      AC:  9    Str: 18    XL:     11   Next: 47%
Magic:  15/15      EV: 19    Int:  9    God:    Makhleb [***...]
Gold:   945        SH:  5    Dex: 15    Spells: 10/10 levels left

rFire   . . .      SeeInvis .   a - +1 trident
rCold   + . .      Faith    .   k - +0 buckler
rNeg    . . .      Spirit   .   G - +0 acid dragon scales
rPois   .          Reflect  .   c - +0 helmet
rElec   .          Harm     .   w - scarf {repulsion}
rCorr   +          Rampage  .   (no gloves)
Will    .....                   J - +1 pair of boots
Stlth   +.........              M - amulet of magic regeneration
HPRegen 0.26/turn               m - ring of protection from cold
MPRegen 0.54/turn               x - +4 ring of evasion

@: slowed, repel missiles, very slow
A: (nimble swimmer 2), mertail
a: Renounce Religion, Minor Destruction, Lesser Servant of Makhleb


You were on level 9 of the Dungeon.
You worshipped Makhleb.
Makhleb was most pleased with you.
You visited 2 branches of the dungeon, and saw 10 of its levels.
You also visited: Sewer.

You collected 1029 gold pieces.
You spent 84 gold pieces at shops.

Inventory:

Hand Weapons
 a - a +1 trident (weapon)
 v - the +3 long sword "Cusiryre" {vorpal, *Slow rF+++ rC+}
   (You found it on level 4 of the Dungeon)

   It inflicts extra damage upon your enemies.
   rF:        It renders you almost immune to fire.
   rC:        It protects you from cold.
   *Slow:     It may slow you when you take damage.
Missiles
 d - 2 throwing nets
 j - 34 poisoned darts
 q - 2 curare-tipped darts
 r - 3 atropa-tipped darts
 y - 5 large rocks
Armour
 c - a +0 helmet (worn)
 k - a +0 buckler (worn)
 p - a +2 leather armour of cold resistance
 w - a scarf of repulsion (worn)
 G - +0 acid dragon scales (worn)
 J - a +1 pair of boots (worn)
Jewellery
 g - a ring of willpower
 m - a ring of protection from cold (left hand)
 x - a +4 ring of evasion (right hand)
 M - an amulet of magic regeneration (around neck)
Wands
 f - a wand of flame (47)
 n - a wand of iceblast (3) (quivered)
 A - a wand of acid (5)
Scrolls
 h - a scroll of brand weapon
 s - 3 scrolls of enchant weapon
 t - 3 scrolls of noise
 C - a scroll of teleportation
 E - a scroll of holy word
 F - 6 scrolls of blinking
 K - a scroll of immolation {unknown}
 N - a scroll of fog
Potions
 b - 2 potions of cancellation
 e - 2 potions of berserk rage
 i - 2 potions of brilliance
 l - 2 potions of heal wounds
 o - a potion of ambrosia {unknown}
 u - a potion of lignification {unknown}
 z - 2 potions of mutation
 B - a potion of might {unknown}
 D - 2 potions of haste {unknown}
 H - 2 potions of magic {unknown}
 I - 2 potions of degeneration {unknown}
 L - a potion of attraction {unknown}
 O - a potion of curing {unknown}
 P - a potion of flight {unknown}


   Skills:
 + Level 12.9 Fighting
 - Level 14.0 Polearms
 - Level 2.0 Throwing
 + Level 8.7 Dodging
 - Level 4.0 Shields
 + Level 6.2 Invocations


You had 10 spell levels left.
You didn't know any spells.
Your spell library contained the following spells:

 Spells                   Type           Power      Damage    Failure   Level
 Sandblast                Erth           0%         2d4       56%         1
 Passwall                 Tmut/Erth      0%         N/A       71%         2
 Stone Arrow              Conj/Erth      0%         3d7       91%         3
 Tukima's Dance           Hex            0%         N/A       91%         3
 Passage of Golubria      Tloc           0%         N/A       100%        4
 Yara's Violent Unravell  Hex/Tmut       0%         3d3       100%        5


Dungeon Overview and Level Annotations

Branches:
Dungeon (9/15)             Temple (1/1) D:5            Lair (0/6) D:8
  Sewer (visited)
    Orc: D:9-12

Altars:
Ashenzari
Cheibriados
Dithmenos
Elyvilon
Fedhas
Gozag
Hepliaklqana
Kikubaaqudgha
Makhleb
Nemelex Xobeh
Okawaru
Qazlal
Ru
Sif Muna
Trog
Uskayaw
Vehumet
Wu Jian
Xom
Yredelemnul
Zin
The Shining One

Shops:
D:8 ?


Innate Abilities, Weirdness & Mutations

((You are very nimble when in or above water. (Stealth+, EV+, Speed+++)))
Your lower body shifts to a powerful aquatic tail in water.


Message History

The rime drake misses you.
You completely miss the rime drake.
The rime drake is almost dead.
The rime drake bites you.
You hit the rime drake but do no damage.
The rime drake is almost dead.
You puncture the rime drake!
You kill the rime drake!
Makhleb accepts your kill.
The rime drake's shape twists and changes as it dies.
You hit the freezing wraith.
The freezing wraith is lightly damaged.
You barely miss the freezing wraith.
The freezing wraith is lightly damaged.
The freezing wraith closely misses you.
The freezing wraith completely misses you.
You hit the freezing wraith but do no damage.
The freezing wraith is lightly damaged.
The freezing wraith closely misses you. The freezing wraith hits you.
The freezing wraith drains your vigour!
You feel yourself slow down.
You are too injured to fight recklessly!
You are too injured to fight recklessly!
You are too injured to fight recklessly!
You are too injured to fight recklessly!
You hit the freezing wraith but do no damage.
The freezing wraith is lightly damaged.
The freezing wraith hits you! The freezing wraith freezes you! You resist.
* * * LOW HITPOINT WARNING * * *
The freezing wraith hits you.
* * * LOW HITPOINT WARNING * * *
The freezing wraith drains your vigour!
You feel as though you will be slow longer.
A demon appears!
You can no longer hurl Makhleb's greater destruction.
You block the freezing wraith's attack. The freezing wraith hits you.
* * * LOW HITPOINT WARNING * * *
The freezing wraith hits you!
* * * LOW HITPOINT WARNING * * *
The freezing wraith freezes you! You resist.
You die...

...###'###...........###+###.....
..##.#†#.##.........##.....##....
.##.#.#.#.##.....).##.....).##|..
##.#.#.#.#.####+####..[####..##..
#.#.#.#.#.#.#.....#..###..###.#..
##.#.#.#.#.##.##.##.##......###(.
+.#.#.#.#.#.+##.##'.....#.....)..
##.#.#.#.#.###.##.###......##.#..
#.#.#.#.#.#(#...@.# ###..###..#..
##.#.#.#.#.####W### ####...##..
##.#)#(#.###..4..# ...##...
##.#.#.###)#####.# ....##....
###†####.# .####+###.....
#.....#.# #.#.#.#(#..... #..##.##
#.#.#.#.#..... +...#.'##
#.'.#.#.'..... ###..4#.#
#.#.#4#.#.....


You could see a freezing wraith (ally target) and a friendly hellwing
(summoned).

Vanquished Creatures
  An orc sorcerer (D:7)
  A rime drake (shapeshifter) (D:9)
  A gargoyle (D:9)
  An efreet (D:9)
  A troll (D:8)
  Grinder (D:3)
  A shadow (D:9)
  3 wraiths (D:9)
  3 wyverns
  A vampire (D:9)
  3 yaks (D:9)
  2 steam dragons
  2 wargs (D:8)
  2 acid dragons (D:9)
  6 orc warriors
  An ice beast (D:5)
  A hornet zombie (D:8)
  4 necrophages
  5 ogres
  4 centaurs
  3 phantoms
  4 kobold brigands
  5 bullfrogs
  A gnoll sergeant (D:9)
  A scorpion (D:4)
  A water moccasin zombie (D:5)
  2 killer bees (D:9)
  8 wights
  2 howler monkeys
  A hound (D:7)
  A gnoll shaman (D:7)
  6 orc priests
  3 centaur zombies
  2 jellies (D:6)
  A centaur skeleton (D:7)
  Ijyb (D:3)
  A bullfrog skeleton (D:7)
  7 iguanas
  10 orc wizards
  2 howler monkey zombies
  5 gnolls
  8 adders
  A white imp (D:5)
  3 dart slugs
  32 orcs
  9 ball pythons
  15 endoplasms
  6 giant cockroaches
  8 goblins
  6 hobgoblins
  8 jackals
  3 quokkas
  4 bats
  5 frilled lizards
  21 kobolds
  9 rats
249 creatures vanquished.

Vanquished Creatures (collateral kills)
  A cyclops (D:9)
  A troll (D:9)
  An orc warrior (D:9)
  2 gnolls (D:9)
5 creatures vanquished.

Vanquished Creatures (others)
  36 plants (D:3)
36 creatures vanquished.

Grand Total: 290 creatures vanquished

Notes
Turn   | Place    | Note
-------+----------+-------------------------------------------
     0 | D:1      | karkarkar the Merfolk Gladiator began the quest for the
                  | Orb.
     0 | D:1      | Reached XP level 1. HP: 16/16 MP: 1/1
   219 | D:1      | Reached XP level 2. HP: 23/23 MP: 2/2
   310 | D:1      | Reached skill level 5 in Polearms
   472 | D:1      | Found a faded altar of an unknown god.
   750 | D:1      | Reached XP level 3. HP: 28/28 MP: 3/3
  1828 | D:3      | Reached XP level 4. HP: 18/35 MP: 4/4
  2031 | D:3      | Reached skill level 6 in Polearms
  2171 | D:3      | Found a shimmering altar of Xom.
  2197 | D:3      | Found a shimmering blue altar of Sif Muna.
  2268 | D:3      | Noticed Ijyb
  2274 | D:3      | Killed Ijyb
  2618 | D:3      | Reached skill level 5 in Dodging
  2624 | D:3      | Noticed an ogre
  2829 | D:3      | Killed an ogre
  2829 | D:3      | Noticed Grinder
  2830 | D:3      | Reached skill level 7 in Polearms
  2830 | D:3      | Reached XP level 5. HP: 41/41 MP: 5/5
  2877 | D:3      | Found an ornate altar of the Wu Jian Council.
  2885 | D:3      | Paralysed by Grinder for 2 turns
  2945 | D:3      | Paralysed by Grinder for 6 turns
  2958 | D:3      | Killed Grinder
  2959 | D:3      | Reached skill level 8 in Polearms
  2959 | D:3      | Reached XP level 6. HP: 31/48 MP: 6/6
  3565 | D:4      | Reached XP level 7. HP: 55/55 MP: 7/7
  3749 | D:4      | Reached skill level 9 in Polearms
  3925 | D:4      | Identified the +3 long sword "Cusiryre" {vorpal, *Slow
                  | rF+++ rC+}
  4417 | D:5      | Entered Level 5 of the Dungeon
  4438 | D:5      | Reached skill level 5 in Fighting
  4525 | D:5      | Reached skill level 10 in Polearms
  4525 | D:5      | Reached XP level 8. HP: 21/62 MP: 8/8
  4794 | D:5      | Found an ancient bone altar of Kikubaaqudgha.
  4824 | D:5      | Reached skill level 11 in Polearms
  5208 | D:5      | Found a blossoming altar of Fedhas.
  5759 | D:5      | Found a staircase to the Ecumenical Temple.
  5769 | Temple   | Entered the Ecumenical Temple
  5890 | Temple   | Became a worshipper of Makhleb the Destroyer
  6008 | D:5      | Reached skill level 12 in Polearms
  6588 | D:6      | Reached XP level 9. HP: 71/71 MP: 9/9
  6611 | D:6      | Found a glowing drain.
  6620 | D:6      | Reached skill level 13 in Polearms
  6624 | Sewer    | Entered a sewer
  6769 | Sewer    | Reached * piety under Makhleb
  7251 | D:6      | Reached skill level 14 in Polearms
  7530 | D:6      | Reached ** piety under Makhleb
  7607 | D:6      | Identified the +1 ring mail of Soalimus {Harm}
  7887 | D:7      | Noticed an orc sorcerer
  7895 | D:7      | Noticed an orange demon
  7914 | D:7      | Noticed an orange demon
  8426 | D:7      | Noticed an orange demon
  8431 | D:7      | Noticed an orange demon
  8443 | D:7      | Killed an orc sorcerer
  8444 | D:7      | Reached skill level 10 in Fighting
  8444 | D:7      | Reached XP level 10. HP: 86/86 MP: 10/10
  8868 | D:7      | Found a sparkling altar of Nemelex Xobeh.
  9078 | D:8      | Found Feasoick's Magic Scroll Emporium.
  9131 | D:8      | Bought a scroll of identify for 24 gold pieces
  9131 | D:8      | Bought a scroll of teleportation for 36 gold pieces
  9131 | D:8      | Bought a scroll of identify for 24 gold pieces
  9132 | D:8      | Identified a scroll of acquirement
  9133 | D:8      | Acquired 642 gold pieces
  9187 | D:8      | Found a glowing golden altar of the Shining One.
  9227 | D:8      | Reached skill level 1 in Shields
  9227 | D:8      | Reached skill level 1 in Invocations
  9297 | D:8      | Identified the +7 dagger of Analysis {vorpal, *Rage rElec
                  | Int+3 SInv}
  9615 | D:8      | Found a staircase to the Lair.
  9651 | D:8      | Reached *** piety under Makhleb
  9769 | D:8      | Found a stormy altar of Qazlal.
 10548 | D:9      | Noticed a gargoyle
 10551 | D:9      | Killed a gargoyle
 11296 | D:9      | Reached XP level 11. HP: 84/95 MP: 14/14
 11560 | D:9      | Reached skill level 5 in Invocations
 11720 | D:9      | Found an iron altar of Okawaru.
 11720 | D:9      | Found an opulent altar of Gozag.
 11720 | D:9      | Noticed a cyclops
 11733 | D:9      | Found a basalt altar of Yredelemnul.
 11733 | D:9      | Found an iron altar of Okawaru.
 11743 | D:9      | Killed a cyclops
 11844 | D:9      | Reached **** piety under Makhleb
 12025 | D:9      | Slain by a freezing wraith

Illustrated notes

Levels and vault maps discovered:
D:1:      dpeg_arrival_signposts, layout_basic, nicolae_ecumenical_lake_church,
          glass_columns_c
D:2:      layout_rooms, minmay_diced_spiral
D:3:      layout_basic, mainiacjoe_overflow_two_lobes,
          nicolae_wu_jian_wuxing_cycle, serial_bayou, serial_bayou_lagoon_a,
          serial_bayou_pond_e, serial_bayou_pond_a, serial_bayou_pond_d,
          nicolae_figureground_sparkle, uniq_ijyb, uniq_grinder
D:4:      layout_loops_cross, small_statue_intersection, minmay_misc_feat_chi
D:5:      layout_basic, lemuel_temple_firewalk_b, hangedman_feature_mirror
D:6:      layout_cave_pools, gup_sewer_entry_pipe, minmay_crystal_room
D:7:      cheibrodos_wizards_tower, layout_basic, nemelex_altar_shiori,
          grunt_ministairs_14
D:8:      nicolae_BIG_FREAKIN_CUBE, layout_basic,
          mainiacjoe_overflow_surrounded_room, overflow_temple_1_default,
          erik_lair_orcish_takeover, serial_shops, shop_scrolls
D:9:      minmay_the_grid_octo_tiled_octocenter
          [minmay_the_grid_octo_fan_narrow, minmay_the_grid_octo_odd_swirl,
          minmay_the_grid_octo_checkered, minmay_the_grid_octo_shrine,
          minmay_the_grid_octo_prize_single_spiral,
          minmay_the_grid_square_5x5_three_small, minmay_the_grid_square_5x5_n,
          minmay_the_grid_square_5x5_inset, minmay_the_grid_square_5x5_bite],
          layout_irregular_city, nicolae_gozag_cash_rules_everything_around_me,
          orc_0_dummy, serial_column_ruins, column_ruins_grid_1,
          column_ruins_corridor_straight, column_ruins_corridor_T,
          column_ruins_columns_straight
Temple:   zaba_magenta_temple

Skill      XL: |  1  2  3  4  5  6  7  8  9 10 11 |
---------------+----------------------------------+-----
Polearms       | 5 7 8 10 12 14 | 14.0
Fighting       | 3 4 5 6 10 12 | 12.9
Dodging        | 5 6 7 8 |  8.7
Shields        | 4 |  4.0
Invocations    | 4 6 |  6.2
Throwing       | |  2.0

Action                   |  1- 3 |  4- 6 |  7- 9 | 10-12 || total
-------------------------+-------+-------+-------+-------++-------
Melee: Trident           |   142 |    67 |   432 |   475 ||  1116
       Punch             |     3 |       |       |       ||     3
       Tailslap          |       |       |     3 |       ||     3
Throw: Dart              |    16 |    48 |    76 |     4 ||   144
       Throwing net      |       |     5 |       |       ||     5
Invok: Lesser Servant of |       |       |       |     2 ||     2
       Minor Destruction |       |       |       |     1 ||     1
Evoke: Wand              |       |     3 |       |     5 ||     8
  Use: Scroll            |     3 |     2 |     8 |     7 ||    20
       Potion            |       |       |       |     2 ||     2
 Stab: Invisible         |       |       |     1 |       ||     1
       Distracted        |       |       |       |     4 ||     4
Armor: Leather armour    |     4 |       |       |       ||     4
       Scale mail        |    39 |    11 |    53 |       ||   103
       Steam dragon scal |       |       |     1 |    18 ||    19
       Acid dragon scale |       |       |       |    32 ||    32
Dodge: Dodged            |    69 |    23 |   152 |   186 ||   430
       Repelled          |       |       |     2 |     2 ||     4
Block: Buckler           |       |       |    21 |    43 ||    64

Table legend: (Time is in decaauts)
 A = Elapsed time spent in this place.
 B = Non-inter-level travel time spent in this place.
 C = Inter-level travel time spent in this place.
 D = Time resting spent in this place.
 E = Time spent auto-exploring this place.
 F = Levels seen in this place.
 G = Mean time per level.
                   A        B        C        D        E       F      G
               +--------+--------+--------+--------+--------+-----+--------+
         Total |  11674 |  11121 |    553 |   1483 |   7420 |  11 | 1061.3 |
       Dungeon |  11183 |  10713 |    470 |   1483 |   7142 |   9 | 1242.6 |
        Temple |    138 |     55 |     83 |      0 |     50 |   1 |  138.0 |
         Sewer |    352 |    352 |      0 |      0 |    227 |   1 |  352.0 |
               +--------+--------+--------+--------+--------+-----+--------+

Top non-repeatable levels by time:
     D:5: 2026 daAuts
     D:3: 1502 daAuts
     D:9: 1400 daAuts
     D:8: 1396 daAuts
     D:4: 1061 daAuts
     D:6: 1017 daAuts
     D:1: 994 daAuts
     D:2: 910 daAuts
     D:7: 873 daAuts
   Sewer: 352 daAuts
  Temple: 138 daAuts
